 Dungeon Crawl Stone Soup version 0.29.1-14-g9c671dbff4 (webtiles) character file.

Game seed: 16586686623483167790

67 leafyfresh the Covert (level 4, 0/41 HPs)
             Began as a Gnoll Delver on Feb 13, 2023.
             Splashed by a jelly's acid (9 damage)
             ... on level 3 of the Dungeon.
             The game lasted 00:03:08 (2647 turns).

leafyfresh the Covert (Gnoll Delver)                Turns: 2647, Time: 00:03:10

Health: 0/41       AC: -4    Str: 11    XL:     4   Next: 18%
Magic:  5/5        EV: 13    Int: 10    God:
Gold:   147        SH:  0    Dex: 15    Spells: 5/5 levels left

rFire   . . .      SeeInvis .   n - +0 dagger (speed)
rCold   . . .      Faith    .   (no shield)
rNeg    . . .      Spirit   .   b - +0 leather armour
rPois   .          Reflect  .   (no helmet)
rElec   .          Harm     .   (no cloak)
rCorr   .          Rampage  .   (no gloves)
Will    .....                   (no boots)
Stlth   ++++......              (no amulet)
HPRegen 0.13/turn               (no ring)
MPRegen 0.09/turn               (no ring)

@: corroded
A: fangs 1, strong nose, distributed training
a: no special abilities


You were on level 3 of the Dungeon.
You visited 1 branch of the dungeon, and saw 5 of its levels.

You collected 147 gold pieces.

Inventory:

Hand Weapons
 a - a +0 spear
 n - a +0 dagger of speed (weapon)
 t - a +0 rapier
Armour
 b - a +0 leather armour (worn)
Wands
 g - a wand of digging (3)
Scrolls
 c - 2 scrolls of fog
 d - 2 scrolls of magic mapping
 e - 2 scrolls of fear
 i - 2 scrolls of summoning {unknown}
 k - a scroll of immolation {unknown}
 m - a scroll of teleportation {unknown}
 o - a scroll of noise {unknown}
 p - 2 scrolls of enchant weapon {unknown}
 q - 2 scrolls of vulnerability
 r - 2 scrolls of identify {unknown}
Potions
 f - a potion of haste
 h - 2 potions of lignification {unknown}
 j - a potion of attraction {unknown}
 l - 2 potions of heal wounds {unknown}
 s - a potion of magic {unknown}


   Skills:
 + Level 6.6 Fighting
 + Level 1.1 Short Blades
 + Level 1.1 Long Blades
 + Level 1.1 Axes
 + Level 1.1 Maces & Flails
 + Level 4.6 Polearms
 + Level 1.1 Staves
 + Level 1.1 Ranged Weapons
 + Level 1.1 Throwing
 + Level 1.1 Armour
 + Level 4.6 Dodging
 + Level 9.6 Stealth
 + Level 1.1 Shields
 + Level 1.1 Unarmed Combat
 + Level 1.1 Spellcasting
 + Level 0.8 Conjurations
 + Level 0.8 Hexes
 + Level 0.8 Summonings
 + Level 0.8 Necromancy
 + Level 0.8 Translocations
 + Level 0.8 Transmutations
 + Level 0.8 Fire Magic
 + Level 0.8 Ice Magic
 + Level 0.8 Air Magic
 + Level 0.8 Earth Magic
 + Level 0.8 Poison Magic
 + Level 1.2 Invocations
 + Level 1.1 Evocations


You had 5 spell levels left.
You didn't know any spells.
Your spell library contained the following spells:

 Spells                   Type           Power      Damage    Failure   Level
 Ozocubu's Armour         Ice            2%         N/A       67%         3
 Ozocubu's Refrigeration  Ice            1%         4d7       100%        7


Dungeon Overview and Level Annotations

Branches:
Dungeon (5/15)
 Temple: D:4-7

Altars:


Innate Abilities, Weirdness & Mutations

You have very sharp teeth.
Your uncanny sense of smell can sniff out nearby items.
Your experience applies equally to all skills.


Message History

No target in view!
Key pressed, stopping explore.
No target in view!
HP restored.
A jelly comes into view.
A jelly is nearby!
A jelly is nearby!
A jelly is nearby!
The jelly quivers.
The jelly misses you.
You hit the jelly. The acid corrodes you!
Your hands burn!
The jelly is moderately wounded.
The jelly barely misses you.
You hit the jelly.
Your hands burn!
The jelly is moderately wounded.
The jelly closely misses you.
You hit the jelly but do no damage.
Your hands burn!
The jelly is moderately wounded.
You hit the jelly.
Your hands burn!
The jelly is heavily wounded.
The jelly hits you.
You are splashed with acid.
You hit the jelly but do no damage.
Your hands burn!
The jelly is heavily wounded.
You hit the jelly but do no damage.
Your hands burn!
The jelly is heavily wounded.
The jelly closely misses you.
You are too injured to fight recklessly!
You are too injured to fight recklessly!
You hit the jelly but do no damage. The acid corrodes you!
Your hands burn!
The jelly is heavily wounded.
The jelly barely misses you.
You hit the jelly but do no damage.
Your hands burn!
The jelly is heavily wounded.
You hit the jelly but do no damage.
Your hands burn!
* * * LOW HITPOINT WARNING * * *
The jelly is heavily wounded.
The jelly hits you.
* * * LOW HITPOINT WARNING * * *
The acid corrodes you!
You are splashed with acid!
You die...

..# #........#....###### ###
#........#...#......
###..........#.#####
#.######...#.# ####
#..........#.# #...
#..#######.#.#####
#...####.................
+.............###.#.#####
#.......@.###.###.#.#
.......J.......#.#.#####
############.########.#.#........
......................# #........
##.........#.########## #........
......#.##.#.# #........
........##.#.# #........
##.####.##.#.# #.....<..
#.....#.##.#.# #........


You could see a jelly.

Vanquished Creatures
  An adder (D:2)
  3 worms (D:2)
  An orc (D:3)
  2 bats
  5 endoplasms (D:1)
  4 giant cockroaches
  6 goblins
  2 hobgoblins (D:2)
  6 kobolds
  3 quokkas
  5 ball pythons
  A frilled lizard (D:1)
  9 rats
48 creatures vanquished.

Vanquished Creatures (others)
  A plant (D:4)
1 creature vanquished.

Grand Total: 49 creatures vanquished

Notes
Turn   | Place    | Note
-------+----------+-------------------------------------------
     0 | D:5      | Reached skill level 9 in Stealth
     0 | D:5      | leafyfresh the Gnoll Delver began the quest for the Orb.
     0 | D:5      | Reached XP level 1. HP: 23/23 MP: 1/1
     7 | D:5      | Noticed a centaur
    16 | D:4      | Noticed a gnoll bouda
   378 | D:1      | Reached XP level 2. HP: 29/29 MP: 2/2
   731 | D:1      | Found a faded altar of an unknown god.
   831 | D:1      | Reached XP level 3. HP: 35/35 MP: 3/3
  1155 | D:2      | Reached skill level 1 in Invocations
  1499 | D:2      | Reached skill level 1 in Short Blades
  1499 | D:2      | Reached skill level 1 in Long Blades
  1499 | D:2      | Reached skill level 1 in Axes
  1499 | D:2      | Reached skill level 1 in Maces & Flails
  1499 | D:2      | Reached skill level 1 in Staves
  1499 | D:2      | Reached skill level 1 in Ranged Weapons
  1499 | D:2      | Reached skill level 1 in Throwing
  1499 | D:2      | Reached skill level 1 in Armour
  1499 | D:2      | Reached skill level 1 in Shields
  1499 | D:2      | Reached skill level 1 in Unarmed Combat
  1499 | D:2      | Reached skill level 1 in Spellcasting
  1499 | D:2      | Reached skill level 1 in Evocations
  2021 | D:2      | Reached XP level 4. HP: 41/41 MP: 5/5
  2647 | D:3      | Splashed by a jelly's acid

Illustrated notes

Levels and vault maps discovered:
D:1:      saegor_arrival_miasma, layout_loops_ring,
          ebering_ecumenical_altar_webs
D:2:      layout_rooms
D:3:      layout_basic, chequers_serial_rivers_micro_e
D:4:      layout_loops_ring, nicolae_stop_n_shop_1, serial_bayou_lake_a,
          uniq_eustachio
D:5:      layout_rooms, marbit_many_paths, minmay_temple_entry_large_hall,
          ebering_ghost_disaster_area, eino_tiny_chamber

Skill      XL: |  1  2  3 |
---------------+----------+-----
Stealth        | |  9.6
Invocations    | 1 |  1.2
Short Blades   | 1 |  1.1
Long Blades    | 1 |  1.1
Axes           | 1 |  1.1
Maces & Flails | 1 |  1.1
Staves         | 1 |  1.1
Ranged Weapons | 1 |  1.1
Throwing       | 1 |  1.1
Armour         | 1 |  1.1
Shields        | 1 |  1.1
Unarmed Combat | 1 |  1.1
Spellcasting   | 1 |  1.1
Evocations     | 1 |  1.1
Fighting       | |  6.6
Polearms       | |  4.6
Dodging        | |  4.6
Conjurations   | |  0.8
Hexes          | |  0.8
Summonings     | |  0.8
Necromancy     | |  0.8
Translocations | |  0.8
Transmutations | |  0.8
Fire Magic     | |  0.8
Ice Magic      | |  0.8
Air Magic      | |  0.8
Earth Magic    | |  0.8
Poison Magic   | |  0.8

Action                   |  1- 3 |  4- 6 || total
-------------------------+-------+-------++-------
Melee: Spear             |    31 |       ||    31
       Bite              |    20 |     3 ||    23
       Dagger            |   134 |    40 ||   174
       Punch             |     1 |       ||     1
  Use: Scroll            |       |     1 ||     1
 Stab: Sleeping          |    18 |     2 ||    20
Armor: Leather armour    |    17 |     2 ||    19
Dodge: Dodged            |    47 |    21 ||    68
